 Dungeon Crawl Stone Soup version 0.25.1-2-g60ff931df9 (webtiles) character file.

Game seed: 2729426008327767216

5552 DogServant the Zephyrmancer (level 10, -14/91 HPs)
             Began as a Pale Draconian Air Elementalist on Nov 11, 2020.
             Was a Priest of Ru.
             Demolished by a death yak (16 damage)
             ... on level 7 of the Dungeon.
             The game lasted 00:19:14 (12111 turns).

DogServant the Zephyrmancer (DrAE)                 Turns: 12111, Time: 00:19:15

Health: -14/91     AC:  8    Str: 12    XL:     10   Next: 44%
Magic:  1/17       EV: 14    Int: 17    God:    Ru [***...]
Gold:   425        SH:  0    Dex: 12    Spells: 8/18 levels left

rFire    . . .     SeeInvis .   u - +1 falchion (freeze)
rCold    . . .     Gourm    .   (shield unavailable)
rNeg     . . .     Faith    .   (armour unavailable)
rPois    .         Spirit   .   (helmet restricted)
rElec    .         Reflect  .   (no cloak)
rCorr    .         Harm     .   h - +0 pair of gloves
MR       .....                  (no boots)
Stlth    ..........             (no amulet)
HPRegen  0.25/turn              (ring unavailable)
MPRegen  0.15/turn              x - ring of stealth

@: sluggish, lightly drained, very slow
A: breathe steam, unfitting armour, cold-blooded, missing a hand, no stealth, AC
+7
a: Breathe Steam, Draw Out Power, Renounce Religion


You were on level 7 of the Dungeon.
You worshipped Ru.
Ru was most pleased with you.
You were near starving.

You visited 1 branch of the dungeon, and saw 8 of its levels.

You collected 425 gold pieces.

Inventory:

Hand Weapons
 u - a +1 falchion of freezing (weapon)
Armour
 h - a +0 pair of gloves (worn)
Magical Staves
 y - an uncursed staff of air
Jewellery
 x - a ring of stealth (right hand)
Wands
 a - a wand of paralysis (11)
 e - a wand of enslavement (8)
 r - a wand of digging (4)
 v - a wand of polymorph (7)
 A - a wand of disintegration (12)
Scrolls
 c - a scroll of fog {unknown}
 j - a scroll of amnesia {unknown}
 m - a scroll of enchant weapon {unknown}
 q - a scroll of remove curse {unknown}
 s - a scroll of noise {unknown}
 t - 3 scrolls of blinking {unknown}
 w - 2 scrolls of identify
Potions
 d - 4 potions of flight
 f - a potion of brilliance
 g - 2 potions of haste
 i - 2 potions of ambrosia
 k - 3 potions of heal wounds
 l - 3 potions of degeneration
 n - a potion of curing
 o - a potion of invisibility {unknown}
 p - a potion of stabbing {unknown}
Comestibles
 b - 10 rations
 z - 3 chunks of flesh


   Skills:
 + Level 9.1(8.7) Fighting
 + Level 4.6(4.3) Dodging
 + Level 4.6(4.3) Spellcasting
 + Level 5.9(5.5) Conjurations
 - Level 11.1(10.7) Air Magic


You had 8 spell levels left.
You knew the following spells:

 Your Spells              Type           Power        Failure   Level  Hunger
a - Shock                 Conj/Air       ####         1%          1    None
b - Swiftness             Chrm/Air       ###.....     2%          2    ##.....
c - Static Discharge      Conj/Air       ####....     1%          3    ###....
d - Airstrike             Air            #####.....   1%          4    ####...

Your spell library contained the following spells:

 Spells                   Type           Power        Failure   Level  Hunger
 Dazzling Flash           Conj/Hex       ##....       14%         3    ###....
 Corona                   Hex            #......      16%         1    None
 Lightning Bolt           Conj/Air       ####......   16%         5    ######.
 Ensorcelled Hibernation  Hex/Ice        #.....       22%         2    ##.....
 Confusing Touch          Hex            #.......     41%         3    ###....
 Tukima's Dance           Hex            #.......     41%         3    ###....


Dungeon Overview and Level Annotations

Branches:
Dungeon (8/15)             Temple (0/1) D:7
   Lair: D:8-11

Altars:
Cheibriados
Dithmenos
Makhleb
Ru
Sif Muna
Trog
Uskayaw
Vehumet
Xom

Shops:
D:5 *(%!

Annotations:
D:6 exclusion: orc warrior


Innate Abilities, Weirdness & Mutations

You can breathe blasts of scalding, opaque steam.
Your pale cyan-grey scales are hard. (AC +7)
You cannot fit into any form of body armour.
You are cold-blooded and may be slowed by cold attacks.
You are missing a hand.
You cannot be stealthy.


Message History

The death yak is severely wounded.
The death yak gores you!
You hit the death yak but do no damage.
The death yak is severely wounded.
The death yak gores you!
* * * LOW HITPOINT WARNING * * *
You hit the death yak but do no damage.
The death yak is severely wounded.
The death yak is stunned by your will and fails to attack.
The death yak gores you!
* * * LOW HITPOINT WARNING * * *
You barely miss the death yak.
The death yak is heavily wounded.
The death yak is stunned by your will and fails to attack.
You hit the death yak but do no damage.
You tail-slap the death yak, but do no damage.
The death yak is heavily wounded.
You feel less exhausted. The death yak gores you!
You die...

# #.# #..##.# ####.#
# #.#####.##.# #.# #
#.......##.# #.# ####
#.#####.##)# #.# ...#
#.# #.##.# #.# ##.#
#.#####.##.## #.# #.#
#<..........## #.#
##.#####
####.##.Y#...# #.#
.......# #.##@###..#
#.# ##.###.# #.#.##
##.#### #.# #.# #.#
#..## ##...# #.# #.#
#.# #.#.## ##....#
#.# ##.#
#.######.##.###.....#
#.# ...#
#......#.....#<...###
#.# ####
######.####.#.....#
#.# #
###.####.......# #.#
# #.....####.###.#
#)#


You could see a death yak.

Vanquished Creatures
  Harold (D:6)
  Pikel (D:5)
  An elephant (D:7)
  2 hippogriffs (D:8)
  Sigmund (D:3)
  A basilisk (D:8)
  Eustachio (D:5)
  A hungry ghost (D:7)
  Duvessa (D:7)
  A water moccasin (D:7)
  2 orc warriors
  2 sky beasts
  A centaur (D:6)
  4 ogres
  A crocodile (D:8)
  Blork the orc (D:5)
  3 bullfrogs
  Dowan (D:7)
  5 scorpions
  3 killer bees (D:8)
  A howler monkey (D:7)
  A crimson imp (D:5)
  A jelly (D:5)
  7 orc priests
  Crazy Yiuf (D:6)
  2 hounds
  17 orc wizards
  Ijyb (D:5)
  5 worker ants
  2 hound skeletons
  Robin (D:2)
  A worker ant zombie (D:5)
  3 gnolls
  11 adders
  A shadow imp (D:8)
  3 oozes
  An adder zombie (D:7)
  3 adder skeletons
  4 worms
  A dart slug (D:2)
  2 leopard geckos
  29 orcs
  11 bats
  9 giant cockroaches
  14 goblins
  10 hobgoblins
  7 jackals
  3 quokkas
  5 frilled lizards
  6 kobolds
  3 quokka skeletons
  4 rats
204 creatures vanquished.

Vanquished Creatures (others)
  A slave (D:5)
  Menkaure (D:5)
  An orc wizard (D:5)
  An orc (D:5)
4 creatures vanquished.

Grand Total: 208 creatures vanquished

Notes
Turn   | Place    | Note
-------+----------+-------------------------------------------
     0 | D:1      | DogServant the Draconian Air Elementalist began the quest
                  | for the Orb.
     0 | D:1      | Reached XP level 1. HP: 14/14 MP: 3/3
   172 | D:1      | Reached XP level 2. HP: 20/20 MP: 3/5
  1392 | D:2      | Reached XP level 3. HP: 23/26 MP: 2/6
  1983 | D:2      | Reached skill level 4 in Air Magic
  2199 | D:2      | Noticed Robin
  2202 | D:2      | Reached XP level 4. HP: 29/33 MP: 2/7
  2214 | D:2      | Killed Robin
  2725 | D:2      | Found a bloodstained altar of Trog.
  3085 | D:2      | Reached skill level 1 in Fighting
  3159 | D:2      | Reached XP level 5. HP: 21/40 MP: 8/8
  3664 | D:3      | Found a hide-covered altar of Uskayaw.
  3682 | D:3      | Found a burning altar of Makhleb.
  3703 | D:3      | Found a shadowy altar of Dithmenos.
  3767 | D:3      | Noticed Sigmund
  3773 | D:3      | Learned a level 2 spell: Swiftness
  3777 | D:3      | Learned a level 3 spell: Static Discharge
  4201 | D:4      | Reached XP level 6. HP: 49/49 MP: 4/9
  4257 | D:4      | Found a shimmering blue altar of Sif Muna.
  4257 | D:4      | Found a radiant altar of Vehumet.
  4377 | D:4      | Reached skill level 5 in Air Magic
  4381 | D:4      | Found a sacrificial altar of Ru.
  4401 | D:4      | Became a worshipper of Ru the Awakened
  4865 | D:4      | Found a snail-covered altar of Cheibriados.
  5523 | D:5      | Entered Level 5 of the Dungeon
  5740 | D:5      | Found Giprach's Food Shop.
  5868 | D:5      | Noticed a slave
  5869 | D:5      | Noticed Pikel
  5893 | D:6      | Your scales start taking on a pale cyan-grey colour.
  5893 | D:6      | Reached skill level 6 in Air Magic
  5893 | D:6      | Reached XP level 7. HP: 53/56 MP: 5/10
  6149 | D:6      | Reached skill level 5 in Conjurations
  6245 | D:6      | Learned a level 4 spell: Airstrike
  6796 | D:6      | Reached skill level 7 in Air Magic
  6934 | D:6      | Gained mutation: You cannot be stealthy. [Ru sacrifice]
  7174 | D:6      | Found a runed translucent door.
  7175 | D:6      | Noticed Crazy Yiuf
  7351 | D:7      | Found a staircase to the Ecumenical Temple.
  7358 | D:7      | Reached XP level 8. HP: 62/62 MP: 8/11
  7599 | D:7      | Reached skill level 8 in Air Magic
  7738 | D:7      | Noticed Harold
  7913 | D:5      | Noticed Eustachio
  7917 | D:5      | Killed Eustachio
  7999 | D:5      | Reached skill level 5 in Fighting
  7999 | D:5      | Reached XP level 9. HP: 40/74 MP: 4/15
  8335 | D:5      | Killed Pikel
  8335 | D:5      | Reached skill level 9 in Air Magic
  8523 | D:5      | Found Pir Myl's Distillery.
  8665 | D:5      | Found a bloodstained altar of Trog.
  8668 | D:5      | Got a shimmering steel amulet
  8669 | D:5      | Identified the amulet "Dabbipops" {Inacc rF+ rN++ Int-5
                  | Stlth+} (You found it on level 5 of the Dungeon)
  8813 | D:5      | Noticed Ijyb
  8816 | D:5      | Killed Ijyb
  8918 | D:5      | Noticed Blork the orc
  8921 | D:5      | Killed Blork the orc
  8959 | D:5      | Killed Menkaure
  9136 | D:5      | Found Eshuisy's Weapon Boutique.
  9356 | D:5      | Found Kumopn's General Store.
  9466 | D:6      | Killed Crazy Yiuf
  9866 | D:3      | Found a shimmering altar of Xom.
  9926 | D:3      | Killed Sigmund
  9926 | D:3      | Reached skill level 10 in Air Magic
 10245 | D:6      | Killed Harold
 10734 | D:7      | Gained mutation: You are missing a hand. [Ru sacrifice]
 10734 | D:7      | Reached * piety under Ru
 10734 | D:7      | Reached ** piety under Ru
 10734 | D:7      | Reached *** piety under Ru
 10857 | D:7      | Reached XP level 10. HP: 88/88 MP: 3/16
 10965 | D:7      | Noticed Duvessa
 10970 | D:7      | Noticed Dowan
 10972 | D:7      | Killed Duvessa
 10981 | D:7      | Killed Dowan
 10981 | D:7      | Reached skill level 11 in Air Magic
 11855 | D:8      | Noticed an elephant
 11857 | D:8      | Noticed a death yak
 11946 | D:7      | Killed an elephant
 12109 | D:7      | HP: 1/91 [death yak (15)]
 12111 | D:7      | Demolished by a death yak

Illustrated notes

Levels and vault maps discovered:
D:1:      co_arrival_random_square_maze, layout_basic, st_stairs_8
D:2:      layout_basic, lemuel_doored_altar, minmay_tromino_v4_c, uniq_robin
D:3:      layout_basic, nicolae_overflow_quartered_altars, first_ration,
          kennysheep_generic_room_12, uniq_sigmund
D:4:      layout_gridville, overflow_temple_1_default,
          nicolae_overflow_crystal_walls, nicolae_ru_awakened_eye,
          kennysheep_mini, grunt_decor_one_mirror
D:5:      layout_cave_pods, serial_shops, shop_statue, shop, shop_statue,
          nicolae_shop_behind_doors, bloody_trog, uniq_menkaure, uniq_eustachio,
          uniq_ijyb, uniq_pikel, uniq_blork_the_orc
D:6:      layout_loops_cross, uniq_crazy_yiuf_cottage
D:7:      minmay_flawed_box, layout_loops_ring, temple_green, uniq_harold,
          uniq_duvessa
D:8:      layout_rooms, kennysheep_little_box, gammafunk_temple_overflow_arena,
          david_lair_generic, enter_ossuary_1, serial_corexii_hall,
          chequers_hall_statues_wall_a, corexii_hall_statues_x

Skill      XL: |  1  2  3  4  5  6  7  8  9 10 |
---------------+-------------------------------+-----
Conjurations   | 2 3 4 5 |  5.9
Air Magic      | 4 6 7 8 10 11 | 11.1
Fighting       | 1 2 5 8 9 |  9.1
Dodging        | 2 4 |  4.6
Stealth        | 0 |  0.0
Spellcasting   | 4 |  4.6

Action                   |  1- 3 |  4- 6 |  7- 9 | 10-12 || total
-------------------------+-------+-------+-------+-------++-------
Melee: Unarmed           |    16 |       |       |       ||    16
       Tailslap          |     2 |     9 |    16 |     7 ||    34
       Hand axe          |     9 |    37 |       |       ||    46
       Falchion          |       |    66 |    69 |    29 ||   164
 Cast: Shock             |    79 |   149 |    55 |     7 ||   290
       Swiftness         |       |     2 |     2 |     1 ||     5
       Static Discharge  |       |     2 |     8 |     2 ||    12
       Airstrike         |       |       |    46 |    31 ||    77
Invok: Sacrifice Stealth |       |       |     1 |       ||     1
       Sacrifice a Hand  |       |       |     1 |       ||     1
       Draw Out Power    |       |       |       |     1 ||     1
 Abil: Breathe Steam     |       |       |    16 |     7 ||    23
  Use: Scroll            |       |       |    11 |       ||    11
  Eat: Chunk             |     5 |    11 |    18 |     2 ||    36
       Ration            |       |     1 |     3 |     2 ||     6
Armor: Skin              |    14 |    77 |    21 |    18 ||   130
Dodge: Dodged            |    26 |   113 |    76 |    34 ||   249
       Rpst.: Falchion   |       |    23 |    26 |    16 ||    65
